 Dungeon Crawl Stone Soup version 0.28.0-43-g3370ac3207 (webtiles) character file.

Game seed: 14813046146189657739

62 smarlow the Skirmisher (level 3, -2/30 HPs)
             Began as a Demonspawn Chaos Knight on Mar 6, 2022.
             Was a Plaything of Xom.
             Slain by a gnoll
             ... wielding a +0 whip
              (5 damage)
             ... on level 2 of the Dungeon.
             The game lasted 00:02:06 (932 turns).

smarlow the Skirmisher (Demonspawn Chaos Knight)     Turns: 932, Time: 00:02:07

Health: -2/30      AC:  6    Str: 14    XL:     3   Next: 85%
Magic:  3/3        EV:  9    Int: 13    God:    Xom [..*...]
Gold:   49         SH:  7    Dex: 12    Spells: 2/2 levels left

rFire   . . .      SeeInvis .   a - +0 hand axe (chaos)
rCold   . . .      Faith    .   c - +0 kite shield
rNeg    . . .      Spirit   .   b - +2 leather armour
rPois   .          Reflect  .   (no helmet)
rElec   .          Harm     .   e - +0 cloak
rCorr   .          Rampage  .   (no gloves)
Will    .....                   (no boots)
Stlth   +.........              (no amulet)
HPRegen 0.10/turn               (no ring)
MPRegen 0.08/turn               (no ring)

@: lethally poisoned (-2 -> -3)
A: ignite blood 1, weakness stinger 1
a: Renounce Religion


You were on level 2 of the Dungeon.
You worshipped Xom.
You were a toy of Xom.
You visited 1 branch of the dungeon, and saw 2 of its levels.

You collected 49 gold pieces.

Inventory:

Hand Weapons
 a - a +0 hand axe of chaos (weapon)
Armour
 b - a +2 leather armour (worn)
 c - a +0 kite shield (worn)
 e - a +0 cloak (worn)
Scrolls
 f - a scroll of magic mapping {unknown}
 g - 3 scrolls of noise {unknown}
 i - 2 scrolls of vulnerability {unknown}
Potions
 d - a potion of curing {unknown}
 h - a potion of ambrosia {unknown}
 j - a potion of mutation {unknown}


   Skills:
 * Level 3.8 Fighting
 + Level 3.1 Axes
 + Level 2.3 Armour
 - Level 0.8 Dodging
 + Level 1.0 Shields


You had 2 spell levels left.
You didn't know any spells.
Your spell library was empty.

Dungeon Overview and Level Annotations

Branches:
Dungeon (2/15)

Altars:


Innate Abilities, Weirdness & Mutations

Your demonic aura sometimes causes spilled blood to erupt in flames.
You have a small tail.


Message History

You miss the adder.
The adder is heavily wounded.
The adder bites you. You block the gnoll's attack.
The adder bites you but does no damage.
You hit the adder but do no damage.
The adder seems to speed up.
The adder is heavily wounded.
The adder bites you but does no damage. x2; The gnoll closely misses you.
The adder bites you but does no damage. The gnoll closely misses you.
You block the adder's attack. The adder barely misses you.
You closely miss the adder.
Your tail-slap misses the adder.
The adder is heavily wounded.
You miss the adder. The adder bites you but does no damage.
You block the adder's attack. The adder bites you.
The adder bites you but does no damage. x2
The adder closely misses you. The adder bites you. The adder bites you.
You are poisoned.
The adder poisons you!
You slash the adder!
You kill the adder!
You feel very sick. The adder bites you but does no damage.
Your Shields skill increases to level 1!
You hit the adder.
The adder is poisoned.
The adder is lightly wounded.
You feel sick. You block the adder's attack.
The adder bites you but does no damage.
You hit the adder.
The adder suddenly stops moving!
The adder is almost dead.
You feel sick.
You kill the adder!
The gnoll barely misses you.
You barely miss the gnoll.
You feel sick. The gnoll hits you but does no damage.
The gnoll hits you from afar with a +0 spear.
* * * LOW HITPOINT WARNING * * *
The gnoll hits you but does no damage. The gnoll hits you with a +0 whip.
You die...
Xom guffaws!

# . #.#.#..#
.###### #
..#.#.#..##.......
#
..................
#
..##..#.##).......
# #..#.##..#####.
#........#
#..gg>..##
####g####
######### #@#
#.......# #.#
#####.......# #.#
.......###..####.#
#####.##.........#
#....#..######
#.......#
#.####.## #.. ...#


You could see 3 gnolls.

Vanquished Creatures
  A gnoll (D:2)
  2 adders (D:2)
  A dart slug (D:1)
  3 endoplasms
  A giant cockroach (D:1)
  6 goblins (D:1)
  5 jackals (D:1)
  3 kobolds (D:1)
  A quokka (D:1)
  A ball python (D:1)
  2 bats (D:1)
  A frilled lizard (D:1)
  2 rats (D:1)
29 creatures vanquished.

Notes
Turn   | Place    | Note
-------+----------+-------------------------------------------
     0 | D:1      | smarlow the Demonspawn Chaos Knight began the quest for the
                  | Orb.
     0 | D:1      | Reached XP level 1. HP: 18/18 MP: 1/1
    62 | D:1      | XOM: potion effect (might)
    64 | D:1      | Gained mutation: Your demonic aura sometimes causes spilled
                  | blood to erupt in flames. [demonic ancestry]
    64 | D:1      | Reached XP level 2. HP: 9/24 MP: 2/2
   552 | D:1      | XOM: blink monster(s)
   562 | D:1      | Gained mutation: You have a small tail. [demonic ancestry]
   562 | D:1      | Reached XP level 3. HP: 24/29 MP: 3/3
   664 | D:1      | XOM: silly message
   914 | D:2      | XOM: noise
   930 | D:2      | Reached skill level 1 in Shields
   932 | D:2      | Slain by a gnoll

Illustrated notes

Levels and vault maps discovered:
D:1:      saegor_arrival_simple_b, layout_rooms, minmay_pentomino_v2
D:2:      layout_loops_cross

Skill      XL: |  1  2  3 |
---------------+----------+-----
Armour         | 2 |  2.3
Axes           | 3 |  3.1
Shields        | 1 |  1.0
Fighting       | |  3.8
Dodging        | |  0.8

Action                   || total
-------------------------++-------
Melee: Hand axe          ||    77
       Tailslap          ||     2
Armor: Leather armour    ||    36
Dodge: Dodged            ||    40
Block: Kite shield       ||    26
